AoeStats
← vgutierrez

Four Lakes

508115134Analyzed
1v1 RM · 12d ago on Sep 20, 2026· 53m 37s· 2 players
Game mode
Random Map
Map size
Tiny (2 player)
Population
200
Speed
Normal
Resources
Standard
Victory
Conquest
Starting age
Dark Age
Ending age
Imperial Age
RankedLock teamsTeams togetherTeam positionsShared explorationLock speedFull tech treeHidden civsTurbo modeCheats
Victory
Defeat
🇺🇾 Hindustanis · Uruguay
611
+15
🇦🇷 Spanish · Argentina
589
-15
barathz
8:21 Loom
11:04 Feudal Age
22:51 Castle Age
24:57 Fletching
25:31 Demolition Ship
36:17 Man-at-Arms
36:53 Fishing Lines
36:38 Demolition Ship
37:27 Demolition Ship
38:36 Bodkin Arrow
39:24 Forging
39:52 Ballistics
39:33 Murder Holes
39:39 Long Swordsman
42:31 Double-Bit Axe
43:28 Arson
50:47 Imperial Age
51:47 Iron Casting
vgutierrez
1:58 Loom
10:42 Feudal Age
11:32 Double-Bit Axe
12:12 Horse Collar
15:09 Fishing Lines
15:35 Gold Mining
16:43 Man-at-Arms
18:51 Wheelbarrow
19:11 Forging
23:30 Castle Age
26:40 Gold Shaft Mining
28:46 Hand Cart
29:25 Stone Mining
31:10 Stone Shaft Mining
38:14 Imperial Age
38:19 Pikeman
52:03 Iron Casting
Connection lost

Rejoining the realm…

Still unreachable

The connection could not be restored.

Session expired

The server has moved on; the page needs a fresh start.